 Dungeon Crawl Stone Soup version 0.28-a0-662-g1651b1f1e0 (webtiles) character file.

Game seed: 1249563854785491813

4555 RepHenryClay the Destroyer (level 10, -1/56 HPs)
             Began as an Octopode Conjurer on Oct 14, 2021.
             Slain by a two-headed ogre (12 damage)
             ... on level 8 of the Dungeon.
             The game lasted 00:15:06 (8745 turns).

RepHenryClay the Destroyer (Octopode Conjurer)      Turns: 8745, Time: 00:15:06

Health: -1/56      AC:  5    Str:  6    XL:     10   Next: 40%
Magic:  9/22       EV: 13    Int: 25    God:
Gold:   473        SH:  5    Dex: 10    Spells: 6/13 levels left

rFire   + . .      SeeInvis .   t - +1 dagger (protect)
rCold   . . .      Faith    .   (no shield)
rNeg    . . .      Spirit   .   (helmet restricted)
rPois   .          Reflect  +   c - amulet of reflection
rElec   .          Harm     .   e - ring of magical power
rCorr   .          Rampage  .   n - +4 ring of protection
Will    .....                   E - ring of protection from fire
Stlth   +++.......              (no ring)
HPRegen 0.18/turn               (no ring)
MPRegen 0.18/turn               (no ring)
                                (no ring)
                                (no ring)

@: no status effects
A: almost no armour, amphibious, 8 rings, camouflage 1, gelatinous body 1,
(nimble swimmer 1), tentacles
a: no special abilities


You were on level 8 of the Dungeon.
You visited 2 branches of the dungeon, and saw 9 of its levels.

You collected 473 gold pieces.

Inventory:

Hand Weapons
 t - a +1 dagger of protection (weapon)
Magical Staves
 B - a staff of death
Jewellery
 c - an amulet of reflection (around mantle)
 e - a ring of magical power (left tentacle)
 i - an amulet of regeneration
 n - a +4 ring of protection (right tentacle)
 w - an amulet of magic regeneration
 E - a ring of protection from fire (on tentacle)
Wands
 u - a wand of flame (13)
 C - a wand of iceblast (6)
 G - a wand of digging (6)
Scrolls
 b - 12 scrolls of identify {unknown}
 d - 3 scrolls of enchant armour {unknown}
 f - 3 scrolls of noise {unknown}
 k - 3 scrolls of blinking {unknown}
 l - 2 scrolls of immolation {unknown}
 p - a scroll of magic mapping {unknown}
 s - 2 scrolls of teleportation {unknown}
 v - a scroll of acquirement {unknown}
 x - a scroll of amnesia {unknown}
 y - a scroll of enchant weapon {unknown}
 z - a scroll of fear {unknown}
 A - a scroll of vulnerability {unknown}
 D - a scroll of fog {unknown}
 F - a scroll of torment {unknown}
Potions
 a - 4 potions of flight {unknown}
 g - 2 potions of haste {unknown}
 h - 3 potions of brilliance {unknown}
 j - 2 potions of heal wounds {unknown}
 m - 6 potions of curing
 o - 2 potions of degeneration {unknown}
 q - a potion of magic {unknown}
 r - a potion of attraction {unknown}
 H - a potion of ambrosia {unknown}


   Skills:
 + Level 3.6 Dodging
 - Level 2.6 Stealth
 - Level 2.0 Spellcasting
 - Level 11.1 Conjurations
 - Level 10.3 Translocations


You had 6 spell levels left.
You knew the following spells:

 Your Spells              Type           Power      Damage    Failure   Level
a - Magic Dart            Conj           100%       1d8       1%          1
b - Searing Ray           Conj           100%       2d8       1%          2
c - Iskenderun's Mystic   Conj/Tloc      54%        2d12      1%          4

Your spell library contained the following spells:

 Spells                   Type           Power      Damage    Failure   Level
 Foxfire                  Conj/Fire      100%       2x1d9     1%          1
 Conjure Flame            Conj/Fire      30%        6-21      3%          3
 Dazzling Flash           Conj/Hex       60%        N/A       3%          3
 Flame Wave               Conj/Fire      30%        3d7       12%         4
 Fulminant Prism          Conj/Hex       15%        3d11      12%         4
 Ensorcelled Hibernation  Hex/Ice        4%         N/A       17%         2
 Scorch                   Fire           4%         2d5       17%         2
 Inner Flame              Hex/Fire       2%         N/A       32%         3
 Tukima's Dance           Hex            2%         N/A       32%         3
 Summon Cactus Giant      Summ           1%         N/A       100%        6


Dungeon Overview and Level Annotations

Branches:
Dungeon (8/15)             Temple (1/1) D:7
   Lair: D:8-11

Altars:
Ashenzari
Elyvilon
Fedhas
Gozag
Hepliaklqana
Nemelex Xobeh
Qazlal
Ru
Sif Muna
Uskayaw
Xom
Yredelemnul
The Shining One


Innate Abilities, Weirdness & Mutations

You cannot wear most types of armour.
You are amphibious.
You can wear up to eight rings at the same time.
Your skin changes colour to match your surroundings (Stealth+).
Your rubbery body absorbs attacks. (AC +1, EV +1)
((You are camouflaged near water. (Stealth+)))
You have tentacles for arms and can constrict up to eight enemies at once.


Message History

The searing ray hits the sky beast!
You kill the sky beast!
The searing ray hits the killer bee zombie!
The killer bee zombie is severely damaged.
You finish channelling your searing ray.
The killer bee zombie closely misses you.
Casting: Searing Ray (safe; 1% risk of failure)
Confirm with . or Enter, or press ? or * to list all spells.
You erupt in a blast of force!
The mystic blast hits the two-headed ogre!!
The two-headed ogre is moderately wounded.
The two-headed ogre is knocked back by the mystic blast.
The two-headed ogre slams into the rock wall!
The mystic blast hits the killer bee zombie!
You destroy the killer bee zombie!
Casting: Iskenderun's Mystic Blast (dangerous; 1% risk of failure)
Confirm with . or Enter, or press ? or * to list all spells.
Aiming: Searing Ray (safe; 1% risk of failure)
Press: ? - help, Shift-Dir - straight line The searing ray hits the two-headed ogre!
The two-headed ogre is heavily wounded.
The searing ray hits the orc wizard!
You kill the orc wizard! (Press . to maintain the ray.)
The searing ray hits the two-headed ogre.
The two-headed ogre is heavily wounded.
The two-headed ogre barely misses you. You block the two-headed ogre's attack.
Unknown command.
The searing ray hits the two-headed ogre.
The two-headed ogre is severely wounded.
The two-headed ogre barely misses you.
The two-headed ogre hits you with a +0 giant club!!
Huge Dmg: -34%(-19hp) hp: 43%(24hp)
The searing ray hits the two-headed ogre!
The two-headed ogre is almost dead.
You finish channelling your searing ray.
The two-headed ogre hits you with a +0 giant club!
* * * LOW HITPOINT WARNING * * *
The two-headed ogre hits you with a +0 giant club!
You die...

....# ##.##.#.## ###.#
##........# #.#
#..####...# #.# #.##..
.# ###.######.#(..
...........#[..
#.#.###.##.##.. ###
#.#.# #.....##'###.##
#.#.# #.#.### #)O@..# #
#.#.# #..##..=)###.##.#
#.#.###..#!$.$.#.#'#..#
.).......#/(..O#.....#
..#.##...#.$$..#..####
#.#.##...##.$!##..#
#)#.......#####.#.#
.............)....#
#.#.###.#...##.##.#


You could see a two-headed ogre.

Vanquished Creatures
  Pikel (D:8)
  A cyclops (D:6)
  A troll (D:6)
  Sigmund (D:5)
  A yak (D:6)
  4 water moccasins
  3 necrophages
  2 orc warriors (D:8)
  A sky beast (D:8)
  A black bear (D:5)
  3 ogres
  3 centaurs
  2 lemures (D:8)
  2 phantoms (D:6)
  7 bullfrogs
  A wyvern zombie (D:6)
  A scorpion (D:6)
  A water moccasin zombie (D:5)
  A water moccasin skeleton (D:4)
  2 howler monkeys (D:6)
  A centaur skeleton (D:6)
  A jelly (D:6)
  A bullfrog skeleton (D:6)
  4 hounds (D:5)
  4 orc priests (D:8)
  2 iguanas
  7 orc wizards (D:8)
  2 killer bee zombies (D:8)
  3 howler monkey zombies
  3 gnolls (D:3)
  6 adders
  A shadow imp (D:8)
  A white imp (D:6)
  2 ufetubi
  An adder skeleton (D:4)
  A dart slug (D:2)
  24 orcs
  3 ball pythons
  5 bats
  3 endoplasms
  7 giant cockroaches
  A hobgoblin (D:1)
  4 quokkas
  2 frilled lizards (D:2)
  7 goblins
  9 kobolds
  4 rats
148 creatures vanquished.

Notes
Turn   | Place    | Note
-------+----------+-------------------------------------------
     0 | D:1      | RepHenryClay the Octopode Conjurer began the quest for the
                  | Orb.
     0 | D:1      | Reached XP level 1. HP: 11/11 MP: 3/3
   335 | D:1      | Found a faded altar of an unknown god.
   401 | D:1      | Reached XP level 2. HP: 17/17 MP: 1/5
   854 | D:1      | Learned a level 2 spell: Searing Ray
  1422 | D:2      | Reached XP level 3. HP: 21/21 MP: 6/6
  1514 | D:2      | Reached skill level 5 in Conjurations
  2123 | D:3      | Reached XP level 4. HP: 27/27 MP: 7/7
  2346 | D:3      | Reached skill level 6 in Conjurations
  2406 | D:3      | Reached XP level 5. HP: 24/31 MP: 8/8
  2487 | D:3      | You fall into a shaft and drop 1 floor!
  3401 | D:4      | Found a sparkling altar of Nemelex Xobeh.
  3520 | D:4      | Noticed an ogre
  3531 | D:4      | Killed an ogre
  3532 | D:4      | Reached skill level 7 in Conjurations
  3532 | D:4      | Reached XP level 6. HP: 36/36 MP: 8/9
  3915 | D:5      | Entered Level 5 of the Dungeon
  4154 | D:5      | Reached skill level 8 in Conjurations
  4154 | D:5      | Reached XP level 7. HP: 41/41 MP: 10/10
  4354 | D:5      | Noticed Sigmund
  4477 | D:5      | Killed Sigmund
  4637 | D:5      | Reached skill level 9 in Conjurations
  5031 | D:6      | Reached XP level 8. HP: 46/46 MP: 11/11
  5367 | D:6      | Reached skill level 10 in Conjurations
  5502 | D:6      | Noticed a yak
  5519 | D:6      | Killed a yak
  5645 | D:6      | Reached skill level 11 in Conjurations
  5665 | D:6      | Learned a level 4 spell: Iskenderun's Mystic Blast
  5724 | D:6      | Reached skill level 1 in Translocations
  5834 | D:6      | Noticed a troll
  5837 | D:6      | Noticed a cyclops
  5868 | D:6      | Killed a troll
  5869 | D:6      | Reached XP level 9. HP: 42/51 MP: 12/12
  5872 | D:6      | Reached skill level 5 in Translocations
  6021 | D:6      | Killed a cyclops
  7032 | D:7      | Found a staircase to the Ecumenical Temple.
  7050 | Temple   | Entered the Ecumenical Temple
  7730 | D:8      | Reached XP level 10. HP: 56/56 MP: 12/13
  7860 | D:8      | Noticed Pikel
  7868 | D:8      | Killed Pikel
  7892 | D:8      | Reached skill level 10 in Translocations
  8734 | D:8      | Noticed a two-headed ogre
  8745 | D:8      | Slain by a two-headed ogre

Illustrated notes

Levels and vault maps discovered:
D:1:      lightli_arrival_statuegarden, layout_loops_ring,
          hellmonk_ecumenical_altar_crossroads
D:2:      layout_loops_ring, chequers_serial_rivers_marsh, serial_park_tiny_1
D:3:      layout_loops_ring, dk_noncrumbling_2, kennysheep_generic_room_5
D:4:      layout_loops_ring, lemuel_crystal_altar
D:5:      layout_loops_cross, uniq_sigmund
D:6:      kennysheep_windowed_halls, layout_cave_pools, minivault_19
D:7:      layout_loops_ring, temple_pool_b, serial_bayou_pond_a,
          minmay_misc_feat_room, serial_bayou_crossing
D:8:      layout_basic, minmay_joined_circles, uniq_pikel
Temple:   nicolae_temple_x_marks_the_god

Skill      XL: |  1  2  3  4  5  6  7  8  9 10 |
---------------+-------------------------------+-----
Conjurations   | 5 6 7 8 9 11 | 11.1
Translocations | 4 9 10 | 10.3
Dodging        | 3 |  3.6
Stealth        | |  2.6
Spellcasting   | |  2.0

Action                   |  1- 3 |  4- 6 |  7- 9 | 10-12 || total
-------------------------+-------+-------+-------+-------++-------
Melee: Unarmed           |     9 |       |       |       ||     9
       Constrict         |     3 |     3 |     3 |     5 ||    14
       Tentacles         |     1 |     1 |     5 |     6 ||    13
       Dagger            |       |    24 |    15 |    25 ||    64
 Cast: Magic Dart        |    66 |    94 |   106 |    24 ||   290
       Searing Ray       |       |     4 |    34 |    12 ||    50
       Iskenderun's Myst |       |       |     3 |     1 ||     4
  Use: Potion            |       |       |       |     1 ||     1
 Stab: Sleeping          |       |       |     1 |       ||     1
Armor: Skin              |     4 |    11 |    20 |    14 ||    49
Dodge: Dodged            |    12 |    15 |    36 |    18 ||    81
Block: Other             |     4 |     8 |    15 |     4 ||    31
       Reflection        |       |       |     2 |       ||     2

Table legend: (Time is in decaauts)
 A = Elapsed time spent in this place.
 B = Non-inter-level travel time spent in this place.
 C = Inter-level travel time spent in this place.
 D = Time resting spent in this place.
 E = Time spent auto-exploring this place.
 F = Levels seen in this place.
 G = Mean time per level.
                   A        B        C        D        E       F      G
               +--------+--------+--------+--------+--------+-----+--------+
         Total |   8745 |   8565 |    180 |    850 |   6555 |   9 |  971.7 |
       Dungeon |   8686 |   8513 |    173 |    850 |   6509 |   8 | 1085.8 |
        Temple |     58 |     51 |      7 |      0 |     46 |   1 |   58.0 |
               +--------+--------+--------+--------+--------+-----+--------+

Top non-repeatable levels by time:
     D:6: 1444 daAuts
     D:8: 1265 daAuts
     D:1: 1096 daAuts
     D:5: 1078 daAuts
     D:3: 1033 daAuts
     D:2: 956 daAuts
     D:4: 929 daAuts
     D:7: 881 daAuts
  Temple: 58 daAuts
